 Dungeon Crawl Stone Soup version 0.26-a0-778-g3fe0686644 (webtiles) character file.

Game seed: 397693662033839052

6 rikardo the Conjurer (level 1, -1/13 HPs)
             Began as a Demonspawn Conjurer on Nov 9, 2020.
             Slain by a jackal (3 damage)
             ... on level 1 of the Dungeon.
             The game lasted 00:00:59 (93 turns).

rikardo the Conjurer (Demonspawn Conjurer)            Turns: 93, Time: 00:01:00

Health: -1/13      AC:  2    Str:  7    XL:     1   Next: 75%
Magic:  0/3        EV: 12    Int: 19    God:
Gold:   0          SH:  0    Dex: 11    Spells: 3/4 levels left

rFire    . . .     SeeInvis .   b - +0 dagger
rCold    . . .     Faith    .   (no shield)
rNeg     . . .     Spirit   .   a - +0 robe
rPois    .         Reflect  .   (no helmet)
rElec    .         Harm     .   (no cloak)
rCorr    .         Rampage  .   (no gloves)
MR       .....                  (no boots)
Stlth    ++........             (no amulet)
HPRegen  0.04/turn              (no ring)
MPRegen  0.08/turn              (no ring)

@: no status effects
A: no striking features
a: no special abilities


You were on level 1 of the Dungeon.
You visited 1 branch of the dungeon, and saw 1 of its levels.

Inventory:

Hand Weapons
 b - a +0 dagger (weapon)
Armour
 a - a +0 robe (worn)
 c - a +1 ring mail
 d - a scarf of shadows


   Skills:
 - Level 1.7 Dodging
 - Level 1.7 Stealth
 * Level 2.0 Spellcasting
 * Level 4.3 Conjurations


You had 3 spell levels left.
You knew the following spells:

 Your Spells              Type           Power        Failure   Level
a - Magic Dart            Conj           ###.         2%          1

Your spell library contained the following spells:

 Spells                   Type           Power        Failure   Level
 Searing Ray              Conj           ###...       4%          2
 Dazzling Flash           Conj/Hex       ##....       21%         3
 Fulminant Prism          Conj/Hex       ##........   56%         4
 Iskenderun's Mystic Bla  Conj/Tloc      ##......     56%         4


Dungeon Overview and Level Annotations

Branches:
Dungeon (1/15)

Altars:


Message History

You are too injured to fight recklessly!
You are too injured to fight recklessly!
You are too injured to fight recklessly!
Really attack unarmed? [Y]es or [N]o only, please.
Really attack unarmed? [Y]es or [N]o only, please.
Really attack unarmed? [Y]es or [N]o only, please.
Really attack unarmed?
Okay, then.
b - a +0 dagger (weapon)
The jackal closely misses you.
You hit the jackal but do no damage. The jackal closely misses you.
You barely miss the jackal. The jackal closely misses you. x2
You hit the jackal but do no damage. The jackal misses you.
You hit the jackal but do no damage. The jackal bites you.
* * * LOW HITPOINT WARNING * * *
The jackal bites you.
You die...

....................[..
.......................
.......#............g..
.......#..≈≈≈.≈≈≈...#..
##..≈≈.....≈≈†....
#..≈≈..8....≈≈....
#.≈≈...†.....≈≈...
#h≈...........≈..#
#@≈........8..≈..#
#.≈≈..8.<....≈≈..#
#..≈≈.......≈≈....
##..≈≈.....≈≈.....
#...≈≈≈≈≈≈≈......
#.#.........#.#..
+.............>#..
####....#...#... #....
.####.#


You could see a jackal.

Vanquished Creatures
  A bat (D:1)
  A giant cockroach (D:1)
  A goblin (D:1)
  A jackal (D:1)
  A frilled lizard (D:1)
5 creatures vanquished.

Notes
Turn   | Place    | Note
-------+----------+-------------------------------------------
     0 | D:1      | rikardo the Demonspawn Conjurer began the quest for the
                  | Orb.
     0 | D:1      | Reached XP level 1. HP: 13/13 MP: 3/3
    93 | D:1      | Slain by a jackal

Illustrated notes

Levels and vault maps discovered:
D:1:      moated_graveyard_arrival, layout_basic, serial_co_window_serial,
          co_window_paths_b, co_window_paths_a, co_window_corner_a,
          co_window_paths_a, co_window_corner_a, co_window_corner_a,
          co_window_broadway_b, co_window_corner_ca, co_window_corner_b,
          co_window_corner_cb, glass_columns_a

Action                   || total
-------------------------++-------
Melee: Dagger            ||     4
       Unarmed           ||     3
 Cast: Magic Dart        ||     9
  Use: Scroll            ||     1
Armor: Robe              ||     2
Dodge: Dodged            ||    21

Table legend: (Time is in decaauts)
 A = Elapsed time spent in this place.
 B = Non-inter-level travel time spent in this place.
 C = Inter-level travel time spent in this place.
 D = Time resting spent in this place.
 E = Time spent auto-exploring this place.
 F = Levels seen in this place.
 G = Mean time per level.
                   A        B        C        D        E       F      G
               +--------+--------+--------+--------+--------+-----+--------+
         Total |     92 |     83 |      9 |     33 |      0 |   1 |   92.0 |
       Dungeon |     92 |     83 |      9 |     33 |      0 |   1 |   92.0 |
               +--------+--------+--------+--------+--------+-----+--------+

Top non-repeatable levels by time:
     D:1: 92 daAuts
